Map: Cerulean Fall LE

Players

Ninja - Winner!

  • Race: Protoss Protoss
  • Spawn Location: 1:00

Poizon

  • Race: Protoss Protoss
  • Spawn Location: 7:00

Event: WCS Montreal 2018

VOD

Have the link to the VOD?

Description

Time

  • Played on: Sept. 7, 2018, 1:12 p.m.
  • Length: 6:44

All games in this series

Show
View Real Time Build Order
Export as new Build Order

Ninja Protoss - Winner!

Build Orders:  

Get SALT Encoding   

  12  0:00  Probe  
  13  0:12  Probe  
  14  0:17  Pylon  
  14  0:22  Probe  
  15  0:31  Probe  
  16  0:39  Gateway  
  16  0:41  Probe  
  16  0:49  Assimilator  
  17  0:53  Probe  
  18  1:01  Probe  
  18  1:09  Probe  
  19  1:17  Gateway  
  20  1:19  Probe  
  21  1:27  Cybernetics Core  
  21  1:29  Assimilator  
  21  1:31  Probe  
  22  1:38  Pylon  
  22  1:44  Probe  
  23  1:56  Probe  
  24  2:03  Stalker  
  24  2:04  Stalker  
  24  2:08  Warp Gate  
  28  2:10  Pylon  
  28  2:30  Robotics Facility  
  28  2:39  Pylon  
  28  2:41  Stalker  
  29  2:45  Stalker  
  29  2:50  Probe  
  32  3:01  Pylon  
  32  3:02  Probe  
  33  3:12  Stalker  
  35  3:17  Observer  
  36  3:22  Stalker  
  38  3:27  Shield Battery  
  38  3:46  Observer  
  39  3:48  Nexus  
  39  3:55  Shield Battery  
  38  4:24  Probe  
  38  4:26  Pylon  
  38  4:27  Sentry x2  
  41  4:42  Observer  
  41  4:43  Gateway  
  42  4:47  Probe  
  42  4:52  Gateway  
  43  4:54  Stalker  
  43  4:59  Stalker, Probe  
  48  5:07  Probe  
  48  5:12  Probe  
  50  5:23  Probe  
  47  5:29  Probe  
  47  5:31  Probe  
  47  5:32  Stalker x2  
  52  5:37  Observer  
  52  5:38  Probe  
  52  5:40  Probe  
  55  5:45  Pylon  
  55  5:48  Probe, Observer  
  56  5:54  Warp Prism  
  56  6:00  Stalker x4  
  66  6:13  Probe x2  
  68  6:24  Assimilator  
  69  6:25  Probe  
  69  6:26  Assimilator  
  69  6:27  Pylon  
Show
View Real Time Build Order
Export as new Build Order

Poizon Protoss 

Build Orders: Oracle Opening 

Get SALT Encoding   

  12  0:01  Probe  
  13  0:13  Probe  
  14  0:17  Pylon  
  14  0:25  Probe  
  15  0:37  Probe  
  15  0:41  Gateway  
  16  0:49  Probe  
  17  0:59  Assimilator  
  17  1:01  Probe  
  18  1:04  Assimilator  
  18  1:13  Probe  
  19  1:26  Gateway  
  20  1:35  Pylon  
  20  1:39  Probe  
  20  1:41  Cybernetics Core  
  20  1:51  Probe  
  21  1:55  Pylon  
  21  2:03  Probe  
  22  2:08  Adept x2  
  22  2:09  Warp Gate  
  22  2:15  Probe  
  27  2:27  Probe  
  28  2:48  Adept x2, Stargate  
  32  2:52  Probe  
  33  2:59  Shield Battery  
  33  3:10  Pylon  
  33  3:20  Pylon  
  33  3:38  Probe  
  33  3:39  Nexus, Oracle  
  32  3:49  Pylon  
  35  4:03  Gateway  
  35  4:09  Pylon  
  33  4:16  Stalker  
  28  4:27  Stalker  
  28  4:32  Void Ray  
  31  4:48  Shield Battery  
  31  4:56  Stalker  
  31  4:59  Sentry  
  35  5:02  Sentry  
  35  5:06  Probe  
  34  5:25  Stalker  
  32  5:32  Stalker  
  32  5:33  Stalker  
  32  5:38  Probe  
  33  5:50  Probe  
  34  5:58  Stalker  
  34  6:02  Probe  
  34  6:12  Sentry  
  34  6:13  Sentry  
  34  6:14  Probe  
  39  6:25  Shield Battery  
  42  6:26  Probe  
  42  6:32  Stalker  
Tags
 
Add a new tag
Caveats
  • Supply blocks, unpowered buildings, or Contaminate may cause inaccurate times.
  • Supply counts are checked every 10 seconds.